 Dungeon Crawl Stone Soup version 0.19.5 (webtiles) character file.

2833 Azzok the Markscentaur (level 9, 0/67 HPs)
             Began as a Centaur Hunter on May 29, 2017.
             Was an Initiate of Okawaru.
             Slain by an orc (2 damage)
             ... on level 7 of the Dungeon.
             The game lasted 00:17:57 (9830 turns).

Azzok the Markscentaur (Centaur Hunter)             Turns: 9830, Time: 00:17:58

Health: 0/67       AC: 13    Str: 18    XL:     9   Next: 45%
Magic:  19/19      EV:  7    Int: 10    God:    Okawaru [......]
Gold:   468        SH:  0    Dex: 12    Spells: 0 memorised, 8 levels left

rFire  . . .     SeeInvis .     b - +7 mace "Fumaosui" {protect, rN++ MP+9}
rCold  . . .     Gourm    .     H - +0 scale mail
rNeg   + + .     Faith    .     (no shield)
rPois  +         Spirit   .     (no helmet)
rElec  .         Reflect  .     (no cloak)
rCorr  .         Harm     .     (no gloves)
MR     .....                    (no barding)
Stlth  ..........               (no amulet)
                                A - +2 ring of dexterity
                                y - ring of poison resistance

@: lethally poisoned (0 -> 0), protection aura, very quick
A: hooves 3, deformed body, speed 2, tough skin 3
a: Renounce Religion


You were on level 7 of the Dungeon.
You worshipped Okawaru.
Okawaru was noncommittal.
You were not hungry.

You visited 2 branches of the dungeon, and saw 8 of its levels.

You collected 468 gold pieces.

Inventory:

Hand Weapons
 a - a +1 shortbow
 b - the +7 mace "Fumaosui" (weapon) {protect, rN++ MP+9}
   (You found it on level 4 of the Dungeon)

   It protects the one who uses it against injury (+AC on strike).
   It greatly protects you from negative energy.
   It affects your magic capacity (+9).
Missiles
 d - 108 arrows
Armour
 H - a +0 scale mail (worn)
Jewellery
 y - a ring of poison resistance (left hand)
 A - a +2 ring of dexterity (right hand)
Wands
 g - a wand of iceblast (8/15)
 l - a wand of slowing (23/48)
 p - a wand of polymorph (10/24)
 J - a wand of hasting (7/9)
Scrolls
 m - 4 scrolls of identify
 n - 4 scrolls of enchant weapon
 s - 4 scrolls of remove curse
 t - 3 scrolls of magic mapping
 u - a scroll of fog
 x - 2 scrolls of amnesia
 F - a scroll of fear {unknown}
Potions
 e - a potion of berserk rage {unknown}
 h - a potion of ambrosia {unknown}
 i - a potion of agility {unknown}
 j - 4 potions of heal wounds {unknown}
 k - 2 potions of flight {unknown}
 o - 4 potions of lignification {unknown}
 q - 3 potions of might
 r - 4 potions of degeneration {unknown}
 v - 2 potions of mutation {unknown}
 w - 3 potions of brilliance {unknown}
 B - a potion of curing {unknown}
 E - a potion of cancellation {unknown}
Books
 z - a book of Maledictions

   Spells                             Type                      Level
   a - Corona                         Hexes                        1
   b - Ensorcelled Hibernation        Hexes/Ice                    2
   c - Confuse                        Hexes                        3
   d - Tukima's Dance                 Hexes                        3
   e - Dazzling Spray                 Conjuration/Hexes            3
Comestibles
 c - a meat ration {@e2}
 f - 6 bread rations {@e1}
 C - 4 fruits
 D - 2 slices of pizza
 G - 2 beef jerkies
 I - 6 chunks of flesh {@w0}


   Skills:
 - Level 2.0 Fighting
 * Level 16.3 Bows
 - Level 1.3 Dodging
 - Level 0.4 Stealth
 + Level 2.1 Invocations


You had 8 spell levels left.
You didn't know any spells.

Dungeon Overview and Level Annotations

Branches:
Dungeon (7/15)             Temple (1/1) D:6

Altars:
Cheibriados
Dithmenos
Fedhas
Gozag
Hepliaklqana
Makhleb
Nemelex Xobeh
Okawaru
Qazlal
Ru
Uskayaw
Vehumet
Zin

Shops:
D:4 =   D:5 *


Innate Abilities, Weirdness & Mutations

You have hooves in place of feet.
Armour fits poorly on your strangely shaped body.
You cover ground very quickly.
You have extremely tough skin. (AC +3)


Message History

You sock the orc priest!
You kill the orc priest!
Okawaru accepts your kill.
You feel sick.
You take 1 damage, and have 6/67 hp.
You barely miss the orc. Your kick misses the orc. The orc barely misses you.
You closely miss the orc. The orc barely misses you. The orc hits you.
* * * LOW HITPOINT WARNING * * *
You take 1 damage, and have 5/67 hp.
You hit the orc but do no damage.
You feel sick. The orc barely misses you.
You take 1 damage, and have 4/67 hp.
You hit the orc. You kick the orc, but do no damage.
The orc is heavily wounded.
The orc hits you but does no damage. The orc hits you.
* * * LOW HITPOINT WARNING * * *
You take 1 damage, and have 3/67 hp.
You hit the orc but do no damage.
The orc is heavily wounded.
You feel sick. The orc hits you.
You die...

··· ···
··· ▒·▒
▒·▒ ▒·▒
▒·▒ ▒@▒
▒▒o▒▒·▒▒▒▒
▒·········
▒···▒·▒▒▒·
▒·▒$··▒ ▒·
·▒▒▒ ▒· ▒▒
▒· ▒·


You could see an orc.

Vanquished Creatures
  Eustachio (D:4)
  Edmund (D:3)
  An ice beast (D:6)
  A sky beast (D:6)
  An ogre (D:4)
  4 centaurs
  6 bullfrogs
  5 scorpions
  A howler monkey (D:5)
  11 wights (D:6)
  2 crimson imps
  A hound (D:6)
  A quasit (D:6)
  3 orc priests
  6 orc wizards
  A bullfrog skeleton (D:4)
  2 centaur skeletons (D:4)
  2 iguanas
  3 worker ants
  A killer bee zombie (D:6)
  12 adders
  4 gnolls (D:2)
  2 oozes
  An adder skeleton (D:5)
  3 worms
  2 dart slugs
  3 leopard geckos
  17 orcs
  7 ball pythons
  5 bats
  4 giant cockroaches
  10 goblins
  11 hobgoblins
  10 jackals
  2 quokkas
  6 frilled lizards
  7 kobolds
  A quokka zombie (D:5)
  5 rats
166 creatures vanquished.

Notes
Turn   | Place    | Note
-------+----------+-------------------------------------------
     0 | D:1      | Azzok the Centaur Hunter began the quest for the Orb.
     0 | D:1      | Reached XP level 1. HP: 17/17 MP: 1/1
   409 | D:1      | Reached XP level 2. HP: 21/24 MP: 2/2
   553 | D:1      | Reached skill level 6 in Bows
  1397 | D:1      | Reached XP level 3. HP: 27/29 MP: 3/3
  1792 | D:2      | Reached skill level 7 in Bows
  2424 | D:2      | Reached XP level 4. HP: 20/36 MP: 4/4
  3037 | D:2      | Reached skill level 8 in Bows
  3198 | D:2      | Reached XP level 5. HP: 19/41 MP: 5/5
  4347 | D:3      | Reached skill level 9 in Bows
  4752 | D:3      | Reached XP level 6. HP: 14/48 MP: 6/6
  5080 | D:4      | Found Tucyiqam's Jewellery Shop.
  5092 | D:4      | Reached skill level 10 in Bows
  5412 | D:4      | Found an opulent altar of Gozag.
  5413 | D:4      | Noticed Edmund
  5415 | D:4      | Noticed Eustachio
  5523 | D:3      | Killed Edmund
  5523 | D:3      | Reached XP level 7. HP: 40/55 MP: 7/7
  5667 | D:4      | Killed Eustachio
  5667 | D:4      | Reached skill level 11 in Bows
  5848 | D:4      | Reached skill level 12 in Bows
  5945 | D:4      | Got a fine mace
  5996 | D:4      | Identified the +7 mace "Fumaosui" {protect, rN++ MP+9} (You found it on level 4 of the Dungeon)
  6505 | D:5      | Entered Level 5 of the Dungeon
  6539 | D:5      | Reached XP level 8. HP: 56/61 MP: 8/8
  6553 | D:5      | Reached skill level 13 in Bows
  6680 | D:5      | Found a radiant altar of Vehumet.
  6680 | D:5      | Found a sacrificial altar of Ru.
  6681 | D:5      | Found a blossoming altar of Fedhas.
  6759 | D:5      | Found a burning altar of Makhleb.
  6809 | D:5      | Found Cikeusch's Assorted Antiques.
  7057 | D:5      | Found a stormy altar of Qazlal.
  7362 | D:6      | Reached skill level 14 in Bows
  7756 | D:6      | Found a snail-covered altar of Cheibriados.
  8296 | D:6      | Reached skill level 15 in Bows
  8305 | D:6      | Reached XP level 9. HP: 57/67 MP: 9/9
  8649 | D:6      | Found a staircase to the Ecumenical Temple.
  8658 | Temple   | Entered the Ecumenical Temple
  8755 | Temple   | Became a worshipper of Warmaster Okawaru
  8982 | D:6      | Reached skill level 16 in Bows
  9023 | D:6      | Reached skill level 1 in Invocations
  9829 | D:7      | HP: 3/67 [orc (1)]
  9830 | D:7      | Slain by an orc

Skill      XL: |  1  2  3  4  5  6  7  8  9 |
---------------+----------------------------+-----
Bows           | 6 7 8 9 10 12 15 16 | 16.3
Invocations    | 2 |  2.1
Fighting       | |  2.0
Dodging        | |  1.3
Stealth        | |  0.4

Action                   |  1- 3 |  4- 6 |  7- 9 || total
-------------------------+-------+-------+-------++-------
Melee: Short sword       |   156 |   130 |     2 ||   288
       Kick              |    30 |    21 |    56 ||   107
       Mace              |       |       |   238 ||   238
 Fire: Shortbow          |       |   108 |    93 ||   201
  Use: Scroll            |       |       |     7 ||     7
  Eat: Chunk             |     3 |     9 |    11 ||    23
       Fruit             |       |       |     1 ||     1
Armor: Leather armour    |    51 |    63 |    25 ||   139
       Scale mail        |       |       |   123 ||   123
Dodge: Dodged            |    70 |    81 |   129 ||   280
